[Event "Tata Steel-A 80th"]
[Site "Wijk aan Zee"]
[Date "2018.01.13"]
[Round "1"]
[White "Anand, Viswanathan"]
[Black "Matlakov, Maxim"]
[Result "1-0"]
[ECO "C77"]
[WhiteElo "2767"]
[BlackElo "2718"]
[Annotator "Fernandez,D"]
[PlyCount "105"]
[EventDate "2018.01.13"]
[EventType "tourn"]
[EventRounds "13"]
[EventCountry "NED"]
[EventCategory "20"]
[SourceTitle "CBM 183"]
[Source "ChessBase"]
[SourceDate "2018.03.14"]
[SourceVersion "1"]
[SourceVersionDate "2018.03.14"]
[SourceQuality "1"]
[TimeControl "40/5400+30:1800+30"]

1. e4 e5 2. Nf3 Nc6 3. Bb5 a6 4. Ba4 Nf6 5. d3 b5 6. Bb3 Bc5 7. c3 d6 {[%emt 0:03:54]
Black should play this sooner or later. The alternative is essentially ...d5,
which is double-edged in the Italian and probably borderline suicidal now
Black has played ...b5.} 8. Bg5 h6 9. Bh4 g5 10. Bg3 {[%emt 0:00:00] We will not be
getting a repeat of the various 'draw lines' Anand has played which involve
sacrifices on g5 against a castled king, and then perpetual check...} Ba7 (10... Bb6 {may keep marginally more options open, including
contesting the a-file 'properly'.} 11. Nbd2 O-O 12. Qe2 Ne7 {and now} 13. d4
Ng6 $5 $132 {Alekseev,E-Predke,A Kaliningrad 2015, was an interesting and
ultimately successful pawn sacrifice.}) 11. Nbd2 Na5 12. Bc2 Nh5 {[%emt 0:00:55] We are now in new
territory, and Black is playing extremely inventively. However, Anand is not
to be outdone.} 13. a4 $5 {[%emt 0:02:53] Highlighting a problem with ...Ba7,
but at the same time committing to playing the sacrifice that follows. White
is playing maximalist chess.} (13. b4 {DF} Nc6 14. a4 $132 {might have been a
more normal way to play.}) 13... b4 14. cxb4 Nc6 15. b5 Nb4 16. Nc4 (16. O-O $6 {may be possible, but is a bit wet and White does
not have the fun after} Nxg3 17. hxg3 h5 $44) 16... Nxg3 17.
hxg3 g4 {[%emt 0:11:04] Black commits!} (17... axb5 18. axb5
Bxf2+ $2 {does not work immediately as Black's knight lacks proper access to
d4.} 19. Kxf2 Rxa1 20. Qxa1 Nxc2 21. Qa4 $1 $16) (17... Bc5 $44 {was still
possible, looking for compensation - I am reasonably sure it is sufficient.})
18. Nh4 axb5 19. axb5 Bxf2+ 20. Kxf2 Rxa1 21. Qxa1 Nxc2 22. Qa4 {[%emt 0:03:23] White had
presumably envisaged this position up to ten moves in advance and liked his
practical chances. White's knights hop around in pleasing ways near the black
king, while White's kingside construction with the h4-knight and (soon to be)
h2-king is watertight.} Qf6+ (22... Nd4 23. b6+ Kf8 24. bxc7
Qxc7 $11 {was also interesting, but the d6-pawn is weak.}) 23. Kg1 Nd4 24. b6+ Bd7 25. Qd1 cxb6 26. Kh2 {[%emt 0:02:56] Reaching a
position which is only ever going to be hard for Black to play.} O-O (26... b5 27. Rf1 Qe7 28. Ne3 {gives White either the d5-square or
g4-pawn}) 27. Rf1 Qg5 $6 {[%emt 0:04:21] A minor inaccuracy,
giving up the wrong pawn, and White's moves just keep playing themselves.} (
27... Qe7 28. Ne3 Qg5 $1 {was the right time to place the queen here. Now} 29.
Nhf5 Bxf5 30. Nxf5 Qh5+ 31. Kg1 Nxf5 32. Rxf5 Qg6 $11 {could follow, when
White's position is still easier but his king has lost its bomb shelter.}) 28.
Nxd6 $14 Be6 29. Nhf5 Nxf5
$6 (29... Rd8 30. Nxd4 Rxd6 31. Nxe6 Rxe6 32. Rf5 Qg6 33. Qb3
$14 {is similar to the last note but with White having better co-ordination.
Still, this was an interesting try, not least because Black can now try and do
'nothing' e.g. ...Re8 and ...Qe6, and try to complete the fortress with ...
Kh7-g6 and ...h5.}) 30. exf5 Bd5 31. Qe2 $1 Qf6 (31... f6 32. d4 {is a slightly
non-obvious point until you reach the position itself, whereupon it becomes
clear that White's rook needs to be on f4, and simultaneously one sees how to
accomplish this.}) 32. Qxg4+ Kh7 33. Ne4 Bxe4 34. dxe4 Rd8 35. Rc1 $16 {[%emt 0:11:40] This is now a truly thankless position as
the fortress tries will never quite work and the rook ending is lost. White
just plays with ideas for a few moves until he works out what he wants to do.}
Rd4 36. Rc7 Rb4 37. Qe2 Kg7 38. Rc8 Qg5 39. Rc6 Rb3 40. Rc3 Rb4 41. b3 Rd4 42. Rc6 Rb4 43. Qf3 Kh7 44.
Rd6 Kg7 45. Rd5 {[%emt 0:00:00] Now White's
rook is the centralised one!} Qf6 46. Kg1 Kh7 47. Qd3 Kg7 48. Kf2 Rd4 $2 {[%emt 0:12:00] Understandable in view of the various
rook-trap motifs White has, but the last try was to wait for Qc3 before doing
this, so that the recapture would come with tempo and then Black might get a
good square like e3 or e5 for his queen.} (48... Qe7 {DF} 49. Kf3 Qf6 50. Qc3
Rd4 51. Rxd4 exd4 52. Qd3 Qd6 $16 {is for instance not that much better for
White.}) 49. Rxd4 exd4 50. Qb5 Qd8 51. Qd5 Qf6 52. g4 Kg8 53. Kf3 {[%emt 0:03:32] Black had no
desire to play out the queen ending, especially since e5 will win a further
pawn.} 1-0

[Event "Tata Steel-A 80th"]
[Site "Wijk aan Zee"]
[Date "2018.01.13"]
[Round "1"]
[White "Carlsen, Magnus"]
[Black "Caruana, Fabiano"]
[Result "1/2-1/2"]
[ECO "C42"]
[WhiteElo "2834"]
[BlackElo "2811"]
[Annotator "Fernandez,D"]
[PlyCount "80"]
[EventDate "2018.01.13"]
[EventType "tourn"]
[EventRounds "13"]
[EventCountry "NED"]
[EventCategory "20"]
[SourceTitle "CBM 183"]
[Source "ChessBase"]
[SourceDate "2018.03.14"]
[SourceVersion "1"]
[SourceVersionDate "2018.03.14"]
[SourceQuality "1"]
[TimeControl "40/5400+30:1800+30"]

1. e4 e5 2. Nf3 Nf6 3. Nxe5 d6 4. Nf3 Nxe4 5. Qe2 {[%emt 0:00:00] A minor choice, generally
renowned for leading to a drawish ending.'} Qe7 6. d3 Nf6 7. Nc3 Qxe2+ 8. Bxe2 g6 ({On schematic grounds, I
might have preferred} 8... c6 {[%csl Rc3] to close off all options of Nb5 and
'dominate' the c3-knight. The followup could then be ...d5 and ...Bg4, with
the idea of trying to exchange the light-squared bishop for anything, and
exchange the pair of dark-squared bishops.}) 9. Nd4 a6 10. Bf4 {[%emt 0:05:06] Now this pressures the d6-pawn, so as
to prevent ...c6 following a fianchetto. Black has little choice but to play ..
.Nc6 one way or another, and he will be left with doubled pawns.'} Bg7 (10... Nbd7 {is the maximalist move, trying to prevent Bf3
altogether.}) 11. h3 Bd7 12. Bf3 Nc6 13. Nxc6 Bxc6 14.
Bxc6+ bxc6 15. O-O-O Kd7 {
[%emt 0:06:33] Objectively, there is nothing whatsoever wrong with Black's
position, and as long as one doesn't get carried away with premonitions of
White kings appearing on a5 after the rooks come off (echoes of Rubinstein)
then it is also easy enough to play.'} 16. Rhe1 Rhe8 17. Ne4 (17. Bd2 {[%cal Ge1e8,Gd1e1] may have been
wisest, focusing on the task of exchanging all the rooks as quickly as
possible and then placing pawns on light squares.}) 17... Nd5 (17... Nxe4 18. dxe4 Re6 19. f3 Rae8 20. Bd2 {[%cal Gc2c4,Gc1c2] is also fine
but now White's moves are definitely easier to find, starting with c4, Kc2, b3.
}) 18. Bd2 f5 19. Ng5 h6 20. Nf3 g5 21. c3 c5 22. Kc2 Bf6 ({
The computer wants} 22... a5 {but it can never be good to allow this pawn to
be fixed.}) 23. Rxe8 Rxe8 24. Re1 Rf8 25. Rh1 Re8 26.
g3 g4 27. Ng1 Bg5 28. Kd1 a5 29. Ne2 {[%emt 0:02:30]
One of several acceptable moves.} (29. a4 Rb8 $1 $15 {was the point and White
is being stretched a bit thin.}) 29... a4 (29... Rb8 $5 30. b3
a4 31. Bxg5 hxg5 {is a little bit testing, perhaps}) 30. Bxg5 hxg5 31. hxg4 fxg4 32. Rh5 Re5 33. Rh7+ Ke6 34. a3 (34. d4 {screams out to be played, but there is
nothing much going on here either:} Rf5 35. c4 Nb6 36. b3 axb3 37. axb3 Rf3 $11
{Nevertheless, this was marginally safer for White than the game.}) 34... Rf5 35. c4 Nf6 36. Rh2 {[%emt 0:
00:45] It looks slightly dangerous to a human to allow ...Rxf2, because ...
Nd7-e5 with pressure will follow soon.'} Rf3 37. Kc2 Nd7 38. d4 {[%emt 0:05:54] Else White is in very
obvious difficulties.} Nb6 (38... Rf5 {is a sensible engine
suggestion; this keeps a bit of pressure by not clarifying the situation of
the d4-pawn.} 39. Kd3 (39. Rh7 Nb6 40. dxc5 Rxc5 $36) 39... Rf7 {An engine
move; what was your first clue?} 40. Rh6+ $6 Ke7 41. Rh2 cxd4 42. Nxd4 Ne5+ 43.
Kc3 c5 $15) 39. dxc5 dxc5 40. Nc3 Ke5 (40... Ke5 {Presumably the expected continuation
was:} 41. Nd1 Nxc4 42. Rh5 Kd4 43. Rxg5 Ne5 44. Rg7 {when
White is completely out of the woods.}) 1/2-1/2

[Event "Tata Steel-A 80th"]
[Site "Wijk aan Zee"]
[Date "2018.01.14"]
[Round "2"]
[White "Hou, Yifan"]
[Black "Mamedyarov, Shakhriyar"]
[Result "0-1"]
[ECO "C01"]
[WhiteElo "2680"]
[BlackElo "2804"]
[Annotator "Fernandez,D"]
[PlyCount "96"]
[EventDate "2018.01.13"]
[EventType "tourn"]
[EventRounds "13"]
[EventCountry "NED"]
[EventCategory "20"]
[SourceTitle "CBM 183"]
[Source "ChessBase"]
[SourceDate "2018.03.14"]
[SourceVersion "1"]
[SourceVersionDate "2018.03.14"]
[SourceQuality "1"]
[TimeControl "40/6000+30:20/3000+30:900+30"]

1. e4 e6 2. d4 d5 3. Nc3 Bb4 4. exd5 exd5 5. Bd3 Nc6 6. a3 Ba5 {[%emt 0:01:23] This is optimistic, ...Bxc3 is the move
you play if you would like to hold a solid draw.} 7. Nge2 Nge7 8. O-O O-O 9. Bg5 (9. Na4 $5 {demands attention, because the bishop pair is almost never
bad to have. An old game by an (East) German grandmaster went:} Bf5 10. Nc5 Qc8
11. Bg5 Bb6 12. b4 Bxc5 13. dxc5 Re8 $11 {Schmittdiel,E-Uhlmann,W Germany 1992}
) 9... f6 10. Be3 Bf5 11.
Nf4 $6 {[%emt 0:21:07] The computer sees no problem with this, but compared to
move 6, Black is much better developed and ready to take advantage of the
structural problem this implies.} Bxc3 12. bxc3 Qd7 13. c4 Bxd3 (13...
Na5 {is the engine recommendation, but the compact structure after} 14. cxd5
Nxd5 15. c4 Nxe3 16. fxe3 {may be better for White than it thinks.}) 14. Qxd3 Rad8 15. Rab1 (15. cxd5 Nxd5
16. Nxd5 Qxd5 17. c4 $132 {is worth a look: the blitzy ...Ne5 gets the knight
trapped, and when White gets d5 in his bishop will be of equal value to the
knight.}) 15... b6 16. Rb5 $6 {[%emt 0:07:46] Now Black is
slightly better already - this rook is tactically weak and does not coordinate
well with the rest of the pieces.} dxc4 17. Qxc4+ Rf7 18. Rd1 {[%emt 0:02:50] This doesn't help either -
now everything comes with tempo.} Na5 19. Qd3 c6 20. Rbb1 Qf5 $15 21. a4 (21. Qe2 Nd5 22. Nxd5 cxd5 23. Qd3 {might not be so dreadful.})
21... g5 $1 22. Nh5 Qxd3 23.
Rxd3 Nd5 24. Bd2 Nc4 {
[%emt 0:00:31] This position is almost winning at the elite level, and
Mamedyarov's 'tactically informed technique' is nearly perfect.} 25. Re1 h6 26. h4 (26. Re6 Rd6 27.
Re8+ Kh7 28. h3 {may have been worth a try, just to keep two active pieces})
26... Kh7 27. g4 gxh4 28.
Re6 Rd6 29. Rxd6 Nxd6 30. f3 f5 $19 31. Be1 a5 32. Bxh4 b5 33. Ra3 Nc4 34. Ra1 fxg4 35. fxg4 Nde3 36. Nf6+ Kg6 37. d5 cxd5 38. axb5 Rxf6 {[%emt 0:00:16] Gaining material, though
there might have been some last bit of optimisation to do.} (38... Nxc2 39. Rc1
(39. Rb1 Nd2 $19) 39... Nd4 40. Kg2 Rxf6 41. Bxf6 Kxf6 42. Rb1 Nb6 {obtains
the same position with the c2-pawn gone.}) 39. Bxf6 Kxf6 40. c3 (40. Kf2 Nxg4+ 41. Kf3 Nge5+ 42. Kf4 {
was the last try to pose practical problems, in my opinion}) 40... Ke6 $19 {
[%emt 0:02:25] Now Black's pieces all have defined roles: the Black king will
stop the b-pawn, and then take it once the a-pawn has distracted White's rook.}
41. b6 Kd7 42. Rb1 Kc8 43. b7+ Kb8 44. Kf2 a4 45. Ke2 a3 46.
Kd3 Nxg4 47. Kd4 Nd2 (47... Nge3 {and ...Nc2 and ...a2 would have been as per the
original plan, but there is a tactic instead.}) 48. Rb4 a2 0-1

[Event "Tata Steel-A 80th"]
[Site "Wijk aan Zee"]
[Date "2018.01.14"]
[Round "2"]
[White "Wei, Yi"]
[Black "Svidler, Peter"]
[Result "1/2-1/2"]
[ECO "D91"]
[WhiteElo "2743"]
[BlackElo "2768"]
[Annotator "Fernandez,D"]
[PlyCount "247"]
[EventDate "2018.01.13"]
[EventType "tourn"]
[EventRounds "13"]
[EventCountry "NED"]
[EventCategory "20"]
[SourceTitle "CBM 183"]
[Source "ChessBase"]
[SourceDate "2018.03.14"]
[SourceVersion "1"]
[SourceVersionDate "2018.03.14"]
[SourceQuality "1"]
[TimeControl "40/6000+30:20/3000+30:900+30"]

1. d4 Nf6 2. c4 g6 3. Nc3 d5 4. Bg5 Ne4 (4... Bg7 {is the other move, and would be my choice in a
game. Following} 5. Bxf6 Bxf6 6. cxd5 c6 $1 {Black obtains good compensation.})
5. Bh4 Nxc3 (5... c5 $5 {is a suitably
mental-looking move which however quietens down reasonably soon. It equalises,
and is suitable for quick research at home.}) 6. bxc3 dxc4 7. e3 Be6 8. Nf3 Bg7 9. Qb1 {[%emt 0:00:44] One of those positions where
Black should be equal, but finding clear ways to do so is a little challenging.
} Qd5 (9... b6 10. Ng5 (10. Be2 O-O 11. O-O {and now
following the inaccurate} c5 $6 {White obtained a much easier position in a
recent practical test, and the game will for obvious reasons have influenced
the present one. A logical improvement is ...Nc6, and that seems to obtain
equal chances, but Svidler might have been scared of White's analysis of his
own previous game.} 12. Rd1 Qc7 13. Qb2 (13. d5 $5 $14) 13... Re8 14. Ng5 Bd5
15. e4 Bb7 16. Bg3 $14 {Tran,T-Wei,Y Chengdu 2017}) 10... Bd5 11. e4 h6 12.
exd5 hxg5 13. Qb5+ Qd7 14. Qxd7+ Nxd7 15. Bxg5 b5 16. a4 b4 17. Rc1 bxc3 18.
Rxc3 Rb8 19. Rxc4 Nb6 20. Rxc7 Nxd5 21. Rc5 e6 22. Bb5+ Kf8 23. O-O Bxd4 24.
Rc4 e5 25. Rfc1 Kg7 26. g3 Rb6 27. Kg2 a6 28. Bc6 Nf6 29. h3 Rb2 30. R1c2 Rhb8
{1/2-1/2 (30) Radjabov,T (2722)-Van Wely,L (2674) Monzon 2016}) 10. Be2 Bf5 11. Qb4 c5 12. Qb5+ {[%emt 0:00:14] Maybe just trying to stop the ...Nd7 development
plan before inevitably capturing on c4.} Bd7 13. Qxc4 Bc6 $146 (13... Qxc4 14. Bxc4 Nc6 15. Rb1 cxd4
16. cxd4 Rc8 17. Be2 Na5 18. Kd2 e6 19. Rhc1 O-O 20. Be7 Rxc1 21. Rxc1 Rc8 22.
Rxc8+ {1/2-1/2 (20) Mitkov,M (2401)-Bogdanovski,V (2421) Skopje 2011}) 14. Qb3 e6 15. c4 {[%emt 0:13:30] This might throw
away White's opening edge.} (15. O-O {is more conservative, since Black feels
awkward with his queen in the middle anyway. There are some obvious quick
lines:} Qxb3 (15... O-O 16. Be7 Rc8 17. Bxc5 $14) (15... Nd7 16. c4 Qf5 17.
Rad1 $14) 16. axb3 Nd7 17. b4 $14) 15... Qd7 16. Ne5 Qc7 17. O-O $5 {[%emt 0:00:35] Maximalism. White
makes Black run the gauntlet for his equality.} (17. Nxc6 Nxc6 18. Rb1 cxd4 19.
Qxb7 Qxb7 20. Rxb7 O-O $11 {is an optical edge only for White}) 17... O-O (17... cxd4 18. exd4 Bxe5 19. dxe5 Qxe5 {is the acid test, and
the computer obviously thinks this is fine for Black, but I'd prefer White
after} 20. Qb4 $44) 18. Bg3 $1 $14 {[%emt 0:04:00] Back on track. Black will
be suffering a bit now.} Qb6 19. Rfd1 Qa6 20. a4 Nd7 21. Nxc6 bxc6 22. Rab1 cxd4 23. exd4 Nb6 24. Ra1 (24. a5
$5 Qxa5 25. Ra1 Qg5 26. h4 Qe7 27. Ra6 $14 {deserved consideration too - the
a7-pawn and c6-pawn are both weak.}) 24... Rfd8 25. a5 Nc8 26. Ra2 {[%emt 0:02:35] A tricky move
that was probably seen a while in advance. White's threat is c5, trapping the
queen, and this serves as a tactical defence of d4 too.} Ne7 {[%emt 0:00:49]
Else d5 comes with even more power.} 27. d5 exd5 28. cxd5 Qc8 29. Bh4 Qc7 30. Bxe7 (30. Qa3 $5 c5 31. Bc4 $16 {
kept the same size of advantage but with material level.}) 30... Qxe7 31. dxc6 Rxd1+ 32. Qxd1 Rd8 33. Qc2 Be5 34. g3 Rb8 35. Kg2 {[%emt 0:00:41] As with
Anand-Matlakov, this is a thankless defence even if possible in theory - but
the difference is Svidler manages it! Although he is lost at various points.}
Kg7 36. Qc1 Rb3 37. Bf3 Bc7 38. Qc4 Ra3 39. Qd4+ Be5 40. Re2 (
40. Qxe5+ $5 {is worth a glance or two, but not more:} Qxe5 41. Rxa3 g5 $1 {
This is the only move. Black needs to force g4 and exchange a pair of pawns,
so that down the road Bb7 can be stopped on pain of perpetual by Bb7. For
instance:} 42. g4 h5 43. h3 hxg4 44. hxg4 Qc5 45. Rd3 Qxa5 46. Rd7 Qc5 47. c7
Qc4 $1 $11) 40... Rxa5 41. Qd7 Kf8 42. Qc8+ Qe8 43. Qb7 Rc5 44. Qxa7 (44. Rd2 $1 {was winning on the
spot- there was nothing to be done about Rd7 and Bd5.}) 44... Qe7 45. Qa3 h5 46. Rd2 Bd6 47. Qd3 Be5 48. Qa3 Bd6 49. Qd3 Be5 50. Qb3 Rc3 51. Qd1 h4 52. Rd7 Qg5 53. Qd5 Qf5 54. Bg4 $6 {[%emt 0:00:23] Committing to
the next move as otherwise c6 is lost.} Qf6 55. f4 {[%emt 0:
00:52] Not a fantastic call to have to make. Now White has few pawns and the
one he might eventually have to win with queens on a square of the wrong
colour.} (55. Be2 Rxc6 56. Rxf7+ Qxf7 57. Qxc6 hxg3 58. hxg3 $11) 55... Bxf4 56. gxf4 Rc2+ 57. Kh3 Rc3+ 58. Kg2 Rc2+ 59. Kg1 Rc1+ 60. Bd1 Qxf4 61. Qd4 {[%emt 0:15:01] Going into a drawn ending.} Qxd4+ 62. Rxd4 Rxc6 63. Rxh4 Kg7 64. Rd4 Rf6 {[%emt 0:01:
23] Black has now reached complete safety, though White made him go the
distance.} 65. Kg2 Kh6 66. Bf3 Kg7 67. Kg3 Kh6 68. Kf2 Kg7 69. Rd7 Kg8 70. Ke3 Kg7 71. Bd5 Kg8 72. Bc4 Kg7 73. Rc7 Rf5 74. Ra7 Rf6 75. Rb7 Rf5 76. Ba2 Rf6 77. Bb3 Rf5 78. Rd7 Rf6 79. Bc4 Rf5 80. Bd5 Rf6 81. Rb7 Rf5 82. Ke4 Kg8 83. Ra7 Kg7 84. Kd4 Rf2 85. h3 Rf1 86. Kc5 Rf6 87. Rb7 Kg8 88. Kd4 Rf5 89. Kc4 Kg7 90. Kc5 Rf6 91. Rc7 Kf8 92. Be4 Kg7 93. Kd5 Re6 94. Kd4 Rf6 95. Ra7 Kf8 96. Ra3 Kg7 97. Kd5 Re6 98. Rc3 Rf6 99. Bc2 Kf8 100. Bb3 Kg7 101. Ke5 Rf5+ 102. Kd6 Rf4 103. Bd5 Rf5 104. Rc7 Kf8 105. Ra7 Rf6+ 106. Kd7 Rf5 107. Ra8+ Kg7 108. Kd6 Rf6+ 109. Ke7 Rf5 110. Rd8 Re5+ 111. Kd6 Rf5 112. Be4 Rf6+ 113.
Ke5 Re6+ 114. Kf4 Rf6+ 115. Kg5 Re6 116. Rd4 Rf6 117. h4 Re6 118. Bf3 Rf6 119. Bg4 Rf1 120. Rd7 Rf2 121. h5 $6 gxh5 122. Bxh5 Rf1 123. Bxf7 Rxf7 124. Rxf7+ 1/2-1/2

[Event "Tata Steel-A 80th"]
[Site "Wijk aan Zee"]
[Date "2018.01.15"]
[Round "3"]
[White "Carlsen, Magnus"]
[Black "Wei, Yi"]
[Result "1/2-1/2"]
[ECO "E06"]
[WhiteElo "2834"]
[BlackElo "2743"]
[PlyCount "92"]
[EventDate "2018.01.13"]
[EventType "tourn"]
[EventRounds "13"]
[EventCountry "NED"]
[EventCategory "20"]
[SourceTitle "CBM 183"]
[Source "ChessBase"]
[SourceDate "2018.03.14"]
[SourceVersion "1"]
[SourceVersionDate "2018.03.14"]
[SourceQuality "1"]
[TimeControl "40/6000+30:20/3000+30:900+30"]

1. d4 Nf6 2. c4 e6 3. g3 d5 4. Bg2 Be7 5. Nf3 O-O 6. Qc2 c5 7. O-O cxd4 8.
Nxd4 Na6 9. cxd5 Nb4 10. Qb3 e5 11. Nb5 Nbxd5 12. N1c3 Be6 13. Nxd5 Bxd5 14. Bxd5 Qxd5 15. Bg5 Qxb3 16. axb3 a6 17. Nc3 h6 18. Bxf6 Bxf6 19. Nd5 Rac8 20. Rac1 e4 21. Rc4 Rxc4 22. bxc4 Bxb2 23. Rb1 Ba3 24. Rxb7 Rc8 25. Ra7 Rxc4 26. Rxa6 Bf8 27. Ra8 g6 28. e3 Kg7 29. Kg2 h5 30. h3 Bd6 31. Rd8 Be5 32. Re8 Bd6 33.
Rd8 Be5 34. g4 hxg4 35. hxg4 Rc5 36. g5 Rb5 37. Kh3 Rc5 38.
Ne7 Rc2 39. Kg2 Rc7 40. Rg8+ Kh7 41. Re8 Rc5 42. Rc8 Rb5 43. Rf8 Kg7 44. Rg8+ Kh7 45. Rf8 Kg7 46. Rg8+ Kh7 1/2-1/2

[Event "Tata Steel-A 80th"]
[Site "Wijk aan Zee"]
[Date "2018.01.15"]
[Round "3"]
[White "Jones, Gawain C B"]
[Black "Adhiban, Baskaran"]
[Result "1-0"]
[ECO "C07"]
[WhiteElo "2640"]
[BlackElo "2655"]
[PlyCount "109"]
[EventDate "2018.01.13"]
[EventType "tourn"]
[EventRounds "13"]
[EventCountry "NED"]
[EventCategory "20"]
[SourceTitle "CBM 183"]
[Source "ChessBase"]
[SourceDate "2018.03.14"]
[SourceVersion "1"]
[SourceVersionDate "2018.03.14"]
[SourceQuality "1"]
[TimeControl "40/6000+30:20/3000+30:900+30"]

1. e4 e6 2. d4 d5 3. Nd2 c5 4. exd5 Qxd5 5. dxc5 Qxc5 6. Ngf3 Nf6 7. Bd3 Nbd7 8. Qe2 Qc7 9. c3 Be7 10. O-O b6 11. Ne4 O-O 12. Bg5 Bb7 13.
Bh4 Qf4 14. Bg5 Qc7 15. Rad1 Rfd8 16. Rfe1 Rac8 17. Bh4 Qf4 18. Bg3 Qg4 19. Nxf6+ Bxf6 20. Ba6 Bxa6 21. Qxa6 Nc5 22. Rxd8+ Rxd8 23. Qxa7 Nd3 24. h3 Qc4 25. Rd1 h5 26. Qxb6 Qxa2 27. Ne5 Qxb2 28. Qc7 Rf8 29. Nd7 Qe2 30. Ra1 Qb2 31. Ra7 Bd8 32. Qd6 Qb1+ 33. Kh2 Re8 34. Qc6 h4 35. Nf6+ Bxf6 36. Qxe8+ Kh7 37. Qxf7 hxg3+ 38. fxg3 Qb8 {[%emt 0:00:32] Here Adhiban
unfortunately had no time to go for mate with 38...Nf2, as 39.Qh5+ Kg8 40.Ra8+
and White mates first!} (38... Nf2 39. Qh5+ Kg8 40. Ra8+) 39. Qxf6 Qxa7 40. Qh4+ Kg8 41.
Qd8+ Kf7 42. Qxd3 Qc5 43. h4 e5 44. g4 g6 45. Qf3+ Kg7 46. g5 Qc4 47. Qb7+ Kg8 48. Qb4 Qd5 49. Qb8+ Kf7 50. Qa7+ Ke6 51. Qa6+ Kf5 52. Kg3 Qd1 53. Qf6+ Ke4 54. Qf3+ Qxf3+ 55. gxf3+ 1-0